[Event "Hungarian Youth-ch U10 2022"]
[Site "Eger"]
[Date "2022.07.23"]
[Round "1.1"]
[White "Szollosi, Balazs"]
[Black "Morovan-Szabo, Lorinc"]
[Result "0-1"]
[ECO "C54"]
[WhiteElo "1423"]
[BlackElo "1232"]
[Annotator "NA RC COMBH"]
[PlyCount "94"]
[EventDate "2022.07.21"]
[EventType "tourn"]
[EventCountry "HUN"]
[SourceTitle "playchess.com"]
[Source "ChessBase"]
[SourceQuality "1"]
[TimeControl "40/5400+30:1800+30"]

1. e4 e5 2. Nf3 Nc6 3. Bc4 Bc5 4. c3 Nf6 5. d4 exd4 6. cxd4 Bb4+ 7. Bd2 Bxd2+ 8. Nbxd2 d6 9. O-O O-O 10. Re1 Bg4 11. Qb3 Na5 12. Qc2 Nxc4 13. Qxc4 Re8 14. e5 Be6 15. Qc2 Nd5 16. Ne4 h6 17. Nc3 Nb4 18. Qd1 Nd5 19. exd6 cxd6 20. Nxd5 Bxd5 21. Rxe8+ Qxe8 22. Qe1 Bxf3 23. Qxe8+ Rxe8 24. gxf3 Re2 25. Rc1 Rxb2 26. Rc8+ Kh7 27. Rc7 Kg6 28. Rd7 Rb6 29. a4 Kf6 30. a5 Ra6 31. Rxb7 Rxa5 32. Rb4 Ra1+ 33. Kg2 a5 34. Rb5 a4 35. Ra5 a3 36. h4 a2 37. f4 d5 38. Kf3 Ke7 39. Ra6 Kd7 40. Ra5 Kc6 41. Ra8 Kb5 42. f5 Kc4 43. Ra4+ Kb3 44. Ra8 Rb1 45. Rb8+ Kc4 46. Rc8+ Kb5 47. Rb8+ Kc6 0-1

[Event "Hungarian Youth-ch U10 2022"]
[Site "Eger"]
[Date "2022.07.23"]
[Round "1.2"]
[White "Hegedus, Bernat"]
[Black "Molnar-Saska, Tamas"]
[Result "0-1"]
[ECO "A52"]
[WhiteElo "1491"]
[BlackElo "1455"]
[Annotator "NA RC COMBH"]
[PlyCount "104"]
[EventDate "2022.07.21"]
[EventType "tourn"]
[EventCountry "HUN"]
[SourceTitle "playchess.com"]
[Source "ChessBase"]
[SourceQuality "1"]
[TimeControl "40/5400+30:1800+30"]

1. d4 Nf6 2. c4 e5 3. dxe5 Ng4 4. Nf3 Bc5 5. e3 Nc6 6. Nc3 Ncxe5 7. Be2 O-O 8. O-O d6 9. b3 Nxf3+ 10. Bxf3 Ne5 11. Be4 c6 12. Re1 Bb4 13. Qc2 f5 14. Bd3 Qf6 15. Bb2 Nxd3 16. Qxd3 Qh6 17. Rad1 f4 18. exf4 Qxf4 19. Re2 Bc5 20. Rf1 Bg4 21. Rd2 Rae8 22. a3 a6 23. b4 Ba7 24. Qxd6 Bxf2+ 25. Kh1 Bc5 26. Qxf4 Rxf4 27. Rb1 Be3 28. Rd6 Ref8 29. h3 Rf1+ 30. Rxf1 Rxf1+ 31. Kh2 Bf4+ 32. g3 Bxd6 33. hxg4 Rf2+ 34. Kh3 Rxb2 35. Ne4 Be5 36. Nc5 b6 37. Nd7 Bc7 38. c5 b5 39. Nb6 Bxb6 40. cxb6 Rd2 41. a4 bxa4 42. b5 axb5 43. Kh4 h6 44. Kh3 a3 45. g5 a2 46. b7 Rd8 47. gxh6 gxh6 48. g4 a1=Q 49. g5 Qc3+ 50. Kh4 Rd4+ 51. Kh5 Qh3+ 52. Kg6 Rd6# 0-1

[Event "Hungarian Youth-ch U10 2022"]
[Site "Eger"]
[Date "2022.07.23"]
[Round "1.3"]
[White "Hangay, Oliver"]
[Black "Meszaros-Csonka, David"]
[Result "1/2-1/2"]
[ECO "B29"]
[WhiteElo "1695"]
[BlackElo "1361"]
[Annotator "NA RC COMBH"]
[PlyCount "45"]
[EventDate "2022.07.21"]
[EventType "tourn"]
[EventCountry "HUN"]
[SourceTitle "playchess.com"]
[Source "ChessBase"]
[SourceQuality "1"]
[TimeControl "40/5400+30:1800+30"]

1. e4 c5 2. Nf3 Nf6 3. Nc3 d5 4. exd5 Nxd5 5. Bb5+ Bd7 6. Bxd7+ Qxd7 7. O-O Nc6 8. Ne4 e6 9. b3 Be7 10. Bb2 O-O 11. d4 cxd4 12. Nxd4 Rfd8 13. Nxc6 Qxc6 14. Qg4 Bf8 15. c4 Ne7 16. Ng5 h6 17. Nf3 Nf5 18. Rad1 Qb6 19. Nh4 Nxh4 20. Qxh4 Qc7 21. Qg4 Rxd1 22. Rxd1 Rd8 23. Ra1 1/2-1/2

[Event "Hungarian Youth-ch U10 2022"]
[Site "Eger"]
[Date "2022.07.23"]
[Round "1.4"]
[White "Hegedus, Zsombor"]
[Black "Minga-Nagy, Abel Inti"]
[Result "1/2-1/2"]
[ECO "B54"]
[WhiteElo "1348"]
[BlackElo "1540"]
[Annotator "NA RC COMBH"]
[PlyCount "80"]
[EventDate "2022.07.21"]
[EventType "tourn"]
[EventCountry "HUN"]
[SourceTitle "playchess.com"]
[Source "ChessBase"]
[SourceQuality "1"]
[TimeControl "40/5400+30:1800+30"]

1. e4 c5 2. Nf3 d6 3. d4 cxd4 4. Nxd4 Nf6 5. f3 e5 6. Nb3 Be6 7. c4 Nbd7 8. Be3 Be7 9. Be2 O-O 10. O-O Nb6 11. N3d2 Rc8 12. b3 a5 13. Nc3 Nh5 14. Nd5 Bxd5 15. cxd5 f5 16. Nc4 Nxc4 17. bxc4 f4 18. Bf2 Bh4 19. Qe1 Bxf2+ 20. Qxf2 Nf6 21. Rab1 Qc7 22. Qb6 Rf7 23. Rb5 a4 24. Rfb1 Rb8 25. Qxc7 Rxc7 26. R5b4 Nd7 27. Bd1 Nc5 28. Bxa4 Ra8 29. Bb3 g5 30. a4 h5 31. Bc2 Kf7 32. Kf2 Ra7 33. g3 Na6 34. Rb6 Rxc4 35. Rxb7+ Rxb7 36. Rxb7+ Kf6 37. Bd3 Rxa4 38. Ra7 Ra2+ 39. Kf1 Nb4 40. Rxa2 Nxa2 1/2-1/2

[Event "Hungarian Youth-ch U10 2022"]
[Site "Eger"]
[Date "2022.07.23"]
[Round "1.5"]
[White "Brieber, Benedek"]
[Black "Papai, Mate"]
[Result "0-1"]
[ECO "B23"]
[WhiteElo "1369"]
[BlackElo "1385"]
[Annotator "NA RC COMBH"]
[PlyCount "102"]
[EventDate "2022.07.21"]
[EventType "tourn"]
[EventCountry "HUN"]
[SourceTitle "playchess.com"]
[Source "ChessBase"]
[SourceQuality "1"]
[TimeControl "40/5400+30:1800+30"]

1. e4 c5 2. Nc3 e6 3. Bc4 a6 4. a4 Nc6 5. Nf3 Nge7 6. O-O d5 7. exd5 exd5 8. Be2 Ng6 9. d4 c4 10. Re1 Be7 11. Ne5 Be6 12. Nxc6 bxc6 13. Bg4 Bxg4 14. Qxg4 O-O 15. Ne2 Rb8 16. Rb1 Qa5 17. Nc3 Bb4 18. Bd2 Bxc3 19. Bxc3 Qxa4 20. Rbc1 f5 21. Qg5 f4 22. f3 Rfd8 23. Re2 c5 24. Rce1 Qd7 25. h4 Qf7 26. h5 Nh8 27. Re7 Qf6 28. Qxf6 gxf6 29. Ba5 Rdc8 30. Bc3 Nf7 31. dxc5 Ne5 32. Bxe5 fxe5 33. R7xe5 Rxc5 34. Rd1 Rxb2 35. Rexd5 Rxd5 36. Rxd5 Rxc2 37. Rc5 c3 38. Kf1 Kf7 39. Rf5+ Ke6 40. Rxf4 Ra2 41. Re4+ Kd5 42. Re2 c2 43. Re1 Rb2 44. Rc1 Rb1 45. Ke2 Rxc1 46. Kd2 Rg1 47. Kxc2 Rxg2+ 48. Kb3 Rg3 49. Ka4 Rxf3 50. Ka5 Kc6 51. Ka4 Rf5 0-1

[Event "Hungarian Youth-ch U10 2022"]
[Site "Eger"]
[Date "2022.07.24"]
[Round "2.1"]
[White "Morovan-Szabo, Lorinc"]
[Black "Papai, Mate"]
[Result "1-0"]
[ECO "B49"]
[WhiteElo "1232"]
[BlackElo "1385"]
[Annotator "NA RC COMBH"]
[PlyCount "107"]
[EventDate "2022.07.21"]
[EventType "tourn"]
[EventCountry "HUN"]
[SourceTitle "playchess.com"]
[Source "ChessBase"]
[SourceQuality "1"]
[TimeControl "40/5400+30:1800+30"]

1. e4 c5 2. Nf3 e6 3. d4 cxd4 4. Nxd4 Nc6 5. Be3 Qc7 6. Nc3 a6 7. Be2 Nf6 8. f4 Bb4 9. Bf3 d6 10. O-O O-O 11. Nxc6 bxc6 12. Qd3 a5 13. a3 Ba6 14. Qd2 Bxc3 15. Qxc3 Bxf1 16. Rxf1 d5 17. e5 Nd7 18. g4 Rac8 19. h4 c5 20. Bd2 d4 21. Qxa5 Qxa5 22. Bxa5 f6 23. exf6 Rxf6 24. Be4 Rcf8 25. Bd2 c4 26. a4 Nc5 27. Bc6 d3 28. Rc1 Rc8 29. Bg2 Nxa4 30. cxd3 Nxb2 31. Bf1 Rg6 32. g5 c3 33. h5 Rc5 34. Be3 Rgxg5+ 35. fxg5 Re5 36. Kf2 c2 37. Be2 Rf5+ 38. Ke1 Re5 39. Kd2 Rd5 40. Rxc2 Na4 41. Rc4 Ra5 42. g6 hxg6 43. hxg6 Kf8 44. Bf3 Ke7 45. Rc7+ Kf6 46. Be4 Rb5 47. Rf7+ Ke5 48. Bf4+ Kd4 49. Rd7+ Kc5 50. Be3+ Kb4 51. Rd4+ Ka3 52. Rxa4+ Kxa4 53. Bc6 e5 54. d4 1-0

[Event "Hungarian Youth-ch U10 2022"]
[Site "Eger"]
[Date "2022.07.24"]
[Round "2.2"]
[White "Minga-Nagy, Abel Inti"]
[Black "Brieber, Benedek"]
[Result "1-0"]
[ECO "D00"]
[WhiteElo "1540"]
[BlackElo "1369"]
[Annotator "NA RC COMBH"]
[PlyCount "63"]
[EventDate "2022.07.21"]
[EventType "tourn"]
[EventCountry "HUN"]
[SourceTitle "playchess.com"]
[Source "ChessBase"]
[SourceQuality "1"]
[TimeControl "40/5400+30:1800+30"]

1. d4 d5 2. Bf4 Nc6 3. Nf3 Bf5 4. c4 e6 5. e3 Nf6 6. Bd3 Bb4+ 7. Nc3 Ne4 8. Bxe4 Bxe4 9. O-O Bf5 10. Ne5 Nxe5 11. Bxe5 Bd6 12. cxd5 exd5 13. Nxd5 Bxe5 14. dxe5 O-O 15. Qf3 Be6 16. Rfd1 Bxd5 17. Qxd5 Qxd5 18. Rxd5 Rfd8 19. Rad1 Re8 20. f4 Kf8 21. Rd7 Rac8 22. Kf2 b6 23. Kf3 a5 24. Ke4 c6 25. Rb7 b5 26. Rdd7 b4 27. Rxf7+ Kg8 28. Rxg7+ Kh8 29. Rxh7+ Kg8 30. Rbg7+ Kf8 31. Ra7 c5 32. Rh8# 1-0

[Event "Hungarian Youth-ch U10 2022"]
[Site "Eger"]
[Date "2022.07.24"]
[Round "2.3"]
[White "Meszaros-Csonka, David"]
[Black "Hegedus, Zsombor"]
[Result "1-0"]
[ECO "C54"]
[WhiteElo "1361"]
[BlackElo "1348"]
[Annotator "NA RC COMBH"]
[PlyCount "92"]
[EventDate "2022.07.21"]
[EventType "tourn"]
[EventCountry "HUN"]
[SourceTitle "playchess.com"]
[Source "ChessBase"]
[SourceQuality "1"]
[TimeControl "40/5400+30:1800+30"]

1. e4 e5 2. Nf3 Nc6 3. Bc4 Bc5 4. c3 Nf6 5. d3 h6 6. Nbd2 d6 7. Bb3 O-O 8. O-O Be6 9. Bc2 a5 10. a4 Bb6 11. Re1 Qe7 12. h3 Nh7 13. Nf1 Qf6 14. Be3 Bxe3 15. Nxe3 Ng5 16. Nxg5 Qxg5 17. Kh1 Ne7 18. Bb3 b6 19. Bxe6 fxe6 20. Rf1 Rf6 21. Qg4 Qxg4 22. Nxg4 Rf7 23. f3 Ng6 24. g3 h5 25. Ne3 h4 26. Kg2 hxg3 27. Kxg3 Nf4 28. Rad1 Raf8 29. Nc4 Rf6 30. Kf2 Rg6 31. Rd2 Rg2+ 32. Ke1 Rxd2 33. Kxd2 Nxh3 34. b4 Ng5 35. Ke3 axb4 36. cxb4 Ra8 37. a5 bxa5 38. bxa5 d5 39. exd5 exd5 40. Nxe5 Rxa5 41. Rc1 Ne6 42. Rc6 d4+ 43. Ke4 Ng5+ 44. Kf4 Nh3+ 45. Kf5 Nf2 46. Rxc7 Nh3 1-0

[Event "Hungarian Youth-ch U10 2022"]
[Site "Eger"]
[Date "2022.07.24"]
[Round "2.4"]
[White "Molnar-Saska, Tamas"]
[Black "Hangay, Oliver"]
[Result "0-1"]
[ECO "C22"]
[WhiteElo "1455"]
[BlackElo "1695"]
[Annotator "NA RC COMBH"]
[PlyCount "44"]
[EventDate "2022.07.21"]
[EventType "tourn"]
[EventCountry "HUN"]
[SourceTitle "playchess.com"]
[Source "ChessBase"]
[SourceQuality "1"]
[TimeControl "40/5400+30:1800+30"]

1. e4 e5 2. d4 exd4 3. Qxd4 Nc6 4. Qc4 Nf6 5. Nc3 Bb4 6. Bd2 O-O 7. f3 Re8 8. O-O-O d6 9. g4 Be6 10. Qb5 Rb8 11. h4 a6 12. Qe2 Ne5 13. Qh2 c6 14. h5 Qa5 15. Qg2 Bxc3 16. Bxc3 Qxa2 17. g5 Nfd7 18. b3 Nc5 19. g6 Bxb3 20. gxh7+ Kxh7 21. f4 Bxc2 22. Qxc2 Nb3+ 0-1

[Event "Hungarian Youth-ch U10 2022"]
[Site "Eger"]
[Date "2022.07.24"]
[Round "2.5"]
[White "Szollosi, Balazs"]
[Black "Hegedus, Bernat"]
[Result "0-1"]
[ECO "B95"]
[WhiteElo "1423"]
[BlackElo "1491"]
[Annotator "NA RC COMBH"]
[PlyCount "66"]
[EventDate "2022.07.21"]
[EventType "tourn"]
[EventCountry "HUN"]
[SourceTitle "playchess.com"]
[Source "ChessBase"]
[SourceQuality "1"]
[TimeControl "40/5400+30:1800+30"]

1. e4 c5 2. Nf3 d6 3. d4 cxd4 4. Nxd4 Nf6 5. Nc3 a6 6. Bg5 e6 7. Be2 Be7 8. O-O O-O 9. Re1 Nxe4 10. Nxe4 Bxg5 11. Nxg5 Qxg5 12. Nf3 Qe7 13. Bd3 Nc6 14. c3 b6 15. Qa4 Bb7 16. Qg4 h6 17. Rad1 Rac8 18. Qg3 Rfd8 19. Nh4 Qf8 20. Nf3 Na5 21. Nd4 Nc4 22. b3 Ne5 23. c4 Nxd3 24. Rxd3 Rc5 25. Nf3 e5 26. Nd2 f5 27. Qg6 e4 28. Rh3 Kh8 29. Rh5 Re5 30. Nf1 Bc6 31. Ng3 Be8 32. Qg5 Bxh5 33. Qxh5 f4 0-1

[Event "Hungarian Youth-ch U10 2022"]
[Site "Eger"]
[Date "2022.07.24"]
[Round "2.6"]
[White "Hangay, Lilla"]
[Black "Ferenczy, Nora"]
[Result "1-0"]
[ECO "B47"]
[WhiteElo "1169"]
[BlackElo "1051"]
[Annotator "NA COMBH"]
[PlyCount "95"]
[EventDate "2022.07.21"]
[EventType "tourn"]
[EventCountry "HUN"]
[SourceTitle "playchess.com"]
[Source "ChessBase"]
[SourceQuality "1"]
[TimeControl "40/5400+30:1800+30"]

1. e4 c5 2. Nf3 e6 3. d4 cxd4 4. Nxd4 Nc6 5. Nc3 Qc7 6. g3 a6 7. Bg2 Nf6 8. O-O Bc5 9. Nxc6 dxc6 10. Re1 e5 11. Be3 Qa5 12. Bxc5 Qxc5 13. Na4 Qb4 14. c3 Qe7 15. Nb6 Rb8 16. Nxc8 Rxc8 17. Qf3 O-O 18. Qf5 Rcd8 19. Red1 Rxd1+ 20. Rxd1 Rd8 21. Rxd8+ Qxd8 22. Qxe5 h6 23. Qd4 Qa5 24. e5 Nd5 25. a3 Nb6 26. b4 Qb5 27. Bf1 Qd5 28. Qxb6 Qxe5 29. Qxb7 Qxc3 30. Qxa6 g6 31. Qc8+ Kg7 32. b5 c5 33. a4 Qb4 34. a5 Qxa5 35. Qxc5 Qa1 36. b6 Qb2 37. Qc7 Qb1 38. b7 g5 39. b8=R Qe4 40. Qc3+ f6 41. Qc7+ Kg6 42. Rg8+ Kh5 43. Qf7+ Kg4 44. Qxf6 Qf5 45. Be2+ Qf3 46. Rxg5+ Kh3 47. Bf1+ Qg2+ 48. Bxg2# 1-0

[Event "Hungarian Youth-ch U10 2022"]
[Site "Eger"]
[Date "2022.07.24"]
[Round "2.6"]
[White "Hangyal, Anna"]
[Black "Csiszar, Vivien"]
[Result "*"]
[WhiteElo "1154"]
[BlackElo "1068"]
[Annotator "NA RC COMBH"]
[PlyCount "31"]
[EventDate "2022.07.21"]
[EventType "tourn"]
[EventCountry "HUN"]
[SourceTitle "playchess.com"]
[Source "ChessBase"]
[SourceQuality "1"]
[TimeControl "40/5400+30:1800+30"]

1. e4 c5 2. Nf3 e6 3. d4 cxd4 4. Nxd4 Nc6 5. Nc3 Qc7 6. g3 a6 7. Bg2 Nf6 8. O-O Bc5 9. Nxc6 dxc6 10. Re1 e5 11. Be3 Qa5 12. Bxc5 Qxc5 13. Na4 Qb4 14. c3 Qe7 15. Nb6 Rb8 16. Nxc8 *

[Event "Hungarian Youth-ch U10 2022"]
[Site "Eger"]
[Date "2022.07.24"]
[Round "2.7"]
[White "Illes-Nagy, Nora"]
[Black "Biro, Csilla"]
[Result "1-0"]
[ECO "D35"]
[WhiteElo "1402"]
[BlackElo "1215"]
[Annotator "NA RC COMBH"]
[PlyCount "103"]
[EventDate "2022.07.21"]
[EventType "tourn"]
[EventCountry "HUN"]
[SourceTitle "playchess.com"]
[Source "ChessBase"]
[SourceQuality "1"]
[TimeControl "40/5400+30:1800+30"]

1. d4 e6 2. c4 d5 3. Nc3 Nf6 4. cxd5 exd5 5. Bg5 Be7 6. e3 O-O 7. Qc2 b6 8. Bd3 Nbd7 9. Nf3 Bb7 10. h3 c5 11. dxc5 Bxc5 12. Bxh7+ Kh8 13. Bf5 Qc7 14. O-O Rfe8 15. Nb5 Qc6 16. Nfd4 Bxd4 17. Qxc6 Bxc6 18. Nxd4 Bb7 19. Nb5 Ba6 20. Nc7 Bxf1 21. Nxe8 Bc4 22. Nxf6 gxf6 23. Bxd7 fxg5 24. b3 Rd8 25. bxc4 Rxd7 26. Rd1 Kg7 27. cxd5 Kf6 28. Kf1 Ke5 29. d6 Rxd6 30. Rxd6 Kxd6 31. Ke2 Kd5 32. Kd3 a5 33. g3 b5 34. f4 gxf4 35. gxf4 b4 36. e4+ Ke6 37. h4 Kf6 38. Kc4 Kg6 39. Kb5 Kh5 40. Kxa5 Kxh4 41. Kxb4 Kg4 42. a4 Kxf4 43. a5 Kxe4 44. a6 f5 45. a7 f4 46. a8=Q+ Ke3 47. Kc3 f3 48. Qe8+ Kf2 49. Kd2 Kg2 50. Ke3 f2 51. Qg6+ Kf1 52. Qf7 1-0

[Event "Hungarian Youth-ch U10 2022"]
[Site "Eger"]
[Date "2022.07.24"]
[Round "2.8"]
[White "Hangay, Lilla"]
[Black "Ferenczy, Nora"]
[Result "*"]
[WhiteElo "1169"]
[BlackElo "1051"]
[Annotator "NA RC COMBH"]
[PlyCount "26"]
[EventDate "2022.07.21"]
[EventType "tourn"]
[EventCountry "HUN"]
[SourceTitle "playchess.com"]
[Source "ChessBase"]
[SourceQuality "1"]
[TimeControl "40/5400+30:1800+30"]

1. e4 c5 2. Nf3 Nc6 3. Nc3 d6 4. d4 cxd4 5. Nxd4 Nf6 6. Bc4 g6 7. Nd5 Nxe4 8. Nb5 Bg7 9. Nbc7+ Kf8 10. Nxa8 e6 11. Nac7 exd5 12. Nxd5 Qa5+ 13. c3 Qc5 *

[Event "Hungarian Youth-ch U10 2022"]
[Site "Eger"]
[Date "2022.07.24"]
[Round "2.8"]
[White "Hangyal, Anna"]
[Black "Csiszar, Vivien"]
[Result "1-0"]
[ECO "B57"]
[WhiteElo "1154"]
[BlackElo "1068"]
[Annotator "NA COMBH"]
[PlyCount "67"]
[EventDate "2022.07.21"]
[EventType "tourn"]
[EventCountry "HUN"]
[SourceTitle "playchess.com"]
[Source "ChessBase"]
[SourceQuality "1"]
[TimeControl "40/5400+30:1800+30"]

1. e4 c5 2. Nf3 Nc6 3. Nc3 d6 4. d4 cxd4 5. Nxd4 Nf6 6. Bc4 g6 7. Nd5 Nxe4 8. Nb5 Bg7 9. Nbc7+ Kf8 10. Nxa8 e6 11. Nac7 exd5 12. Nxd5 Qa5+ 13. c3 Qc5 14. Qe2 Bf5 15. O-O Na5 16. Ne3 Nxc3 17. bxc3 Bxc3 18. Bb2 Bxb2 19. Qxb2 Kg8 20. Rac1 Nxc4 21. Rxc4 Qe5 22. Qxe5 dxe5 23. Nxf5 gxf5 24. Rc7 b5 25. Rxa7 Kg7 26. Ra5 Rb8 27. Rb1 f4 28. Raxb5 Re8 29. Re1 e4 30. Rb4 e3 31. Rxf4 e2 32. f3 Kg6 33. Kf2 Kg5 34. Rxf7 1-0

[Event "Hungarian Youth-ch U10 2022"]
[Site "Eger"]
[Date "2022.07.25"]
[Round "3.1"]
[White "Hegedus, Bernat"]
[Black "Morovan-Szabo, Lorinc"]
[Result "1-0"]
[ECO "D35"]
[WhiteElo "1491"]
[BlackElo "1232"]
[Annotator "NA RC COMBH"]
[PlyCount "69"]
[EventDate "2022.07.21"]
[EventType "tourn"]
[EventCountry "HUN"]
[SourceTitle "playchess.com"]
[Source "ChessBase"]
[SourceQuality "1"]
[TimeControl "40/5400+30:1800+30"]

1. d4 d5 2. c4 e6 3. Nc3 Nf6 4. cxd5 Nxd5 5. e4 Nxc3 6. bxc3 c5 7. Nf3 a6 8. Be2 cxd4 9. cxd4 Nc6 10. O-O Be7 11. Rb1 h6 12. Qa4 O-O 13. Rd1 Qa5 14. Qxa5 Nxa5 15. Bd2 Bd8 16. d5 b5 17. d6 f6 18. Nh4 Nc6 19. Ng6 Rf7 20. Bh5 Rd7 21. Bf4 e5 22. Be3 Nd4 23. Bxd4 exd4 24. Rxd4 Bb7 25. Bg4 Bxe4 26. Rxe4 Rxd6 27. Bf5 Ba5 28. a4 b4 29. Rbe1 Rdd8 30. Ne7+ Kh8 31. Nc6 g6 32. Nxd8 gxf5 33. Re8+ Kh7 34. Nc6 Rxe8 35. Rxe8 1-0

[Event "Hungarian Youth-ch U10 2022"]
[Site "Eger"]
[Date "2022.07.25"]
[Round "3.2"]
[White "Hangay, Oliver"]
[Black "Szollosi, Balazs"]
[Result "1-0"]
[ECO "B43"]
[WhiteElo "1695"]
[BlackElo "1423"]
[Annotator "NA RC COMBH"]
[PlyCount "95"]
[EventDate "2022.07.21"]
[EventType "tourn"]
[EventCountry "HUN"]
[SourceTitle "playchess.com"]
[Source "ChessBase"]
[SourceQuality "1"]
[TimeControl "40/5400+30:1800+30"]

1. e4 c5 2. Nf3 e6 3. d4 cxd4 4. Nxd4 a6 5. Nc3 Qc7 6. g3 Nf6 7. Bg2 Nc6 8. O-O Be7 9. Re1 O-O 10. Nxc6 bxc6 11. e5 Nd5 12. Nxd5 cxd5 13. Qd3 Bb7 14. Bf4 Rac8 15. c3 Rfd8 16. h4 Bc5 17. Be3 Bxe3 18. Qxe3 d6 19. Rad1 dxe5 20. Qxe5 Qxe5 21. Rxe5 Rd6 22. Rde1 Rb6 23. R1e2 h6 24. f4 g6 25. h5 gxh5 26. Rxh5 Kg7 27. Rhe5 Rd8 28. f5 exf5 29. Rxf5 Kg6 30. Rf4 Re6 31. Rd2 Red6 32. c4 a5 33. cxd5 f5 34. Ra4 Ra6 35. b4 axb4 36. Rxb4 Ba8 37. Rdb2 Rad6 38. Rb6 Rxb6 39. Rxb6+ Kg5 40. d6 Bxg2 41. Kxg2 Ra8 42. Rb2 Rd8 43. Rd2 f4 44. Rd5+ Kg4 45. Rd4 Kf5 46. gxf4 h5 47. d7 h4 48. Kh3 1-0

[Event "Hungarian Youth-ch U10 2022"]
[Site "Eger"]
[Date "2022.07.25"]
[Round "3.3"]
[White "Hegedus, Zsombor"]
[Black "Molnar-Saska, Tamas"]
[Result "1-0"]
[ECO "B03"]
[WhiteElo "1348"]
[BlackElo "1455"]
[Annotator "NA RC COMBH"]
[PlyCount "73"]
[EventDate "2022.07.21"]
[EventType "tourn"]
[EventCountry "HUN"]
[SourceTitle "playchess.com"]
[Source "ChessBase"]
[SourceQuality "1"]
[TimeControl "40/5400+30:1800+30"]

1. e4 Nf6 2. e5 Nd5 3. c4 Nb6 4. d4 d6 5. exd6 exd6 6. Nc3 Be7 7. Be3 O-O 8. Be2 Nc6 9. Nf3 Bg4 10. b3 Bf6 11. h3 Bf5 12. O-O Qe7 13. Re1 Nb4 14. Rc1 a5 15. a3 Nc6 16. Bd3 Bxd3 17. Qxd3 Qd7 18. Rcd1 Rfe8 19. Ne4 Be7 20. Nfg5 h6 21. Nc5 hxg5 22. Nxd7 Nxd7 23. f4 gxf4 24. Bxf4 Bf6 25. Rxe8+ Rxe8 26. d5 Nce5 27. Bxe5 Bxe5 28. b4 axb4 29. axb4 Ra8 30. Qf5 Nf6 31. c5 g6 32. Qg5 Ra4 33. cxd6 cxd6 34. Rf1 Nxd5 35. Qd8+ Kg7 36. Qd7 Nf4 37. Rxf4 1-0

[Event "Hungarian Youth-ch U10 2022"]
[Site "Eger"]
[Date "2022.07.25"]
[Round "3.4"]
[White "Brieber, Benedek"]
[Black "Meszaros-Csonka, David"]
[Result "0-1"]
[ECO "D00"]
[WhiteElo "1369"]
[BlackElo "1361"]
[Annotator "NA RC COMBH"]
[PlyCount "94"]
[EventDate "2022.07.21"]
[EventType "tourn"]
[EventCountry "HUN"]
[SourceTitle "playchess.com"]
[Source "ChessBase"]
[SourceQuality "1"]
[TimeControl "40/5400+30:1800+30"]

1. d4 d5 2. Nc3 Nf6 3. Bf4 a6 4. Nf3 e6 5. g3 c5 6. e3 Nc6 7. Bg2 Be7 8. O-O O-O 9. Ne2 Bd7 10. c3 Rc8 11. Qc2 b5 12. Ng5 h6 13. Nf3 Qb6 14. Ne5 g5 15. Nxc6 Bxc6 16. Be5 Nd7 17. f4 f5 18. a3 Bb7 19. Qd2 c4 20. Qe1 a5 21. Qf2 g4 22. h3 h5 23. hxg4 hxg4 24. Bh1 Nxe5 25. fxe5 Kg7 26. Nf4 Rh8 27. Qe2 Rh6 28. Bg2 Rch8 29. Kf2 b4 30. Rh1 Bc8 31. Rxh6 Rxh6 32. Rh1 Rxh1 33. Bxh1 bxa3 34. bxa3 Bxa3 35. Nh5+ Kf7 36. Nf4 Qb2 37. Ke1 Qxc3+ 38. Qd2 Qxd2+ 39. Kxd2 Bb4+ 40. Kc2 Bd7 41. Ne2 Ba4+ 42. Kb2 Bd1 43. Nc3 Bxc3+ 44. Kxc3 Bf3 45. Bxf3 gxf3 46. Kd2 c3+ 47. Kxc3 f2 0-1

[Event "Hungarian Youth-ch U10 2022"]
[Site "Eger"]
[Date "2022.07.25"]
[Round "3.5"]
[White "Papai, Mate"]
[Black "Minga-Nagy, Abel Inti"]
[Result "0-1"]
[ECO "A45"]
[WhiteElo "1385"]
[BlackElo "1540"]
[Annotator "NA RC COMBH"]
[PlyCount "74"]
[EventDate "2022.07.21"]
[EventType "tourn"]
[EventCountry "HUN"]
[SourceTitle "playchess.com"]
[Source "ChessBase"]
[SourceQuality "1"]
[TimeControl "40/5400+30:1800+30"]

1. d4 Nf6 2. Nc3 e6 3. e4 Bb4 4. Bd3 O-O 5. g4 d5 6. e5 Ne4 7. Bxe4 dxe4 8. a3 Bxc3+ 9. bxc3 c5 10. h4 Nc6 11. Be3 f5 12. gxf5 exf5 13. d5 Nxe5 14. Bxc5 Re8 15. d6 b6 16. Qd5+ Be6 17. Qxe5 bxc5 18. h5 Bf7 19. Qg3 Qf6 20. Ne2 Rad8 21. Rg1 Bxh5 22. Nf4 Bg4 23. Nd5 Qxd6 24. Qxd6 Rxd6 25. c4 Red8 26. Rb1 h5 27. Rb7 Rb6 28. Rxb6 axb6 29. a4 h4 30. Rh1 h3 31. Kd2 Kf7 32. Ke3 g5 33. c3 Ke6 34. Kd2 f4 35. Rb1 Bf3 36. Rxb6+ Rd6 37. Rxd6+ Kxd6 0-1

[Event "Hungarian Youth-ch U10 2022"]
[Site "Eger"]
[Date "2022.07.25"]
[Round "3.6"]
[White "Biro, Csilla"]
[Black "Hangay, Lilla"]
[Result "0-1"]
[ECO "C45"]
[WhiteElo "1215"]
[BlackElo "1169"]
[Annotator "NA RC COMBH"]
[PlyCount "50"]
[EventDate "2022.07.21"]
[EventType "tourn"]
[EventCountry "HUN"]
[SourceTitle "playchess.com"]
[Source "ChessBase"]
[SourceQuality "1"]
[TimeControl "40/5400+30:1800+30"]

1. e4 e5 2. d4 exd4 3. Nf3 Nc6 4. Nxd4 Nf6 5. Nxc6 bxc6 6. e5 Qe7 7. Qe2 Nd5 8. c4 Ba6 9. b3 O-O-O 10. f4 g6 11. Qf2 Nf6 12. Be2 Kb8 13. exf6 Qxf6 14. Bd3 Bg7 15. Qd2 Qxa1 16. Qb4+ Ka8 17. Qa5 Qd4 18. Be2 Qb6 19. Qa3 Rhe8 20. Bd2 Bxc4 21. bxc4 Qxb1+ 22. Bc1 Qe4 23. Qf3 Qxc4 24. Be3 Qc3+ 25. Kf2 Rxe3 0-1

[Event "Hungarian Youth-ch U10 2022"]
[Site "Eger"]
[Date "2022.07.25"]
[Round "3.7"]
[White "Csiszar, Vivien"]
[Black "Illes-Nagy, Nora"]
[Result "0-1"]
[ECO "B40"]
[WhiteElo "1068"]
[BlackElo "1402"]
[Annotator "NA RC COMBH"]
[PlyCount "60"]
[EventDate "2022.07.21"]
[EventType "tourn"]
[EventCountry "HUN"]
[SourceTitle "playchess.com"]
[Source "ChessBase"]
[SourceQuality "1"]
[TimeControl "40/5400+30:1800+30"]

1. e4 c5 2. Nf3 e6 3. b4 b6 4. bxc5 Bxc5 5. d4 Bb4+ 6. c3 Be7 7. Be2 Nf6 8. e5 Nd5 9. O-O O-O 10. c4 Nc7 11. Nc3 d5 12. Qb3 dxc4 13. Bxc4 Nc6 14. Rd1 Na5 15. Qa4 Bd7 16. Bb5 Nxb5 17. Nxb5 a6 18. Qc2 Bxb5 19. a4 Rc8 20. Qb2 Bc4 21. Nd2 Bd3 22. Nf3 Rc2 23. Qb1 Rd2 24. Bxd2 Bxb1 25. Rdxb1 Qd5 26. Rxb6 Nc4 27. Rxa6 Nxd2 28. Nxd2 Qxd4 29. Ra2 Bb4 30. a5 Bxd2 0-1

[Event "Hungarian Youth-ch U10 2022"]
[Site "Eger"]
[Date "2022.07.25"]
[Round "3.8"]
[White "Wang, Luomeng"]
[Black "Hangyal, Anna"]
[Result "1-0"]
[ECO "B32"]
[WhiteElo "1078"]
[BlackElo "1154"]
[Annotator "NA RC COMBH"]
[PlyCount "69"]
[EventDate "2022.07.21"]
[EventType "tourn"]
[EventCountry "HUN"]
[SourceTitle "playchess.com"]
[Source "ChessBase"]
[SourceQuality "1"]
[TimeControl "40/5400+30:1800+30"]

1. e4 c5 2. Nf3 Nc6 3. d4 cxd4 4. Nxd4 e5 5. Nb5 d6 6. c4 a6 7. N5a3 Nf6 8. Nc3 Be7 9. Be2 Nd4 10. O-O O-O 11. Be3 Nxe2+ 12. Qxe2 Be6 13. f3 Rc8 14. Rac1 Bd7 15. Rfd1 Qe8 16. Nc2 Be6 17. b3 b5 18. Nd5 Nxd5 19. cxd5 Bd7 20. Nb4 f5 21. Rxc8 Bxc8 22. Bf2 Qg6 23. Nc6 Bf6 24. Rc1 fxe4 25. fxe4 Kh8 26. a4 Bg5 27. Rc2 Qh6 28. axb5 Rxf2 29. Kxf2 axb5 30. h3 Qh4+ 31. Kf1 h6 32. Qf3 Ba6 33. Nb4 Bb7 34. Rc7 Bd2 35. Qf8+ 1-0